 Dungeon Crawl Stone Soup version 0.32-a0-999-gfa1cc04b1d (webtiles) character file.

Game seed: 16223603901830628595

382 Fodor the Trooper (level 6, -1/56 HPs)
             Began as a Minotaur Fighter on Apr 24, 2024.
             Slain by a lemure (5 damage)
             ... led by Pikel
             ... on level 5 of the Dungeon.
             The game lasted 00:12:03 (3275 turns).

Fodor the Trooper (Minotaur Fighter)                Turns: 3275, Time: 00:12:04

Health: -1/56      AC:  9    Str: 20    XL:     6   Next: 47%
Magic:  5/5        EV:  8    Int: 13    God:
Gold:   271        SH:  0    Dex: 10    Spells: 5/5 levels left

rFire   . . .        w - +0 morningstar
rCold   . . .        c - +0 buckler
rNeg    . . .        b - +0 scale mail
rPois   .            (helmet restricted)
rElec   .            (no cloak)
rCorr   .            m - +0 pair of gloves
SInv    +            o - +0 pair of boots
Will    .....        (no amulet) Stlth
                     u - +6 ring of intelligence
HPRegen 0.29/turn    v - ring of see invisible
MPRegen 0.09/turn

%: no passive effects
@: confused
A: horns 2, retaliatory headbutt
a: no special abilities


You were on level 5 of the Dungeon.
You visited 1 branch of the dungeon, and saw 5 of its levels.

You collected 271 gold pieces.

Inventory:

Hand Weapons
 p - a +0 sling
 r - a +0 war axe
 w - a +0 morningstar (weapon)
Armour
 b - a +0 scale mail (worn)
 c - a +0 buckler (worn)
 m - a +0 pair of gloves (worn)
 n - an orb of wrath
 o - a +0 pair of boots (worn)
Jewellery
 h - an amulet of magic regeneration
 u - a +6 ring of intelligence (left hand)
 v - a ring of see invisible (right hand)
Scrolls
 e - 3 scrolls of teleportation {unknown}
 i - a scroll of amnesia {unknown}
 j - a scroll of fog {unknown}
 k - a scroll of butterflies {unknown}
 l - a scroll of revelation {unknown}
 q - a scroll of vulnerability {unknown}
 s - a scroll of identify {unknown}
 t - a scroll of enchant weapon {unknown}
Potions
 a - 2 potions of heal wounds {unknown}
 d - 2 potions of might
 f - 2 potions of curing {unknown}
 g - 2 potions of attraction {unknown}


   Skills:
 + Level 5.0 Fighting
 + Level 4.1(4.3) Axes
 + Level 1.7(3.2) Maces & Flails
 + Level 3.6 Ranged Weapons
 + Level 4.7 Armour
 + Level 1.3 Dodging
 + Level 0.2 Stealth
 + Level 4.1 Shields


You had 5 spell levels left.
You didn't know any spells.
Your spell library contained the following spells:

 Spells                   Type           Power      Damage    Failure   Level
 Lesser Beckoning         Tloc           0%         N/A       83%         2
 Maxwell's Portable Pile  Tloc           0%         2d(5-13)  97%         3
 Teleport Other           Tloc           0%         N/A       97%         3


Dungeon Overview and Level Annotations

Branches:
Dungeon (5/15)
 Temple: D:4-7

Altars:
Uskayaw
Vehumet
Wu Jian

Shops:
D:2 [

Annotations:
D:5 Pikel


Innate Abilities, Weirdness & Mutations

You have a pair of horns on your head.
You reflexively headbutt those who attack you in melee.


Message History

You're too confused to move!
Pikel zaps a wand.
Your will is overpowered!
You are more confused.
A lemure comes into view.
You closely miss Pikel. Your headbutt misses Pikel.
The lemure barely misses you.
Pikel hits you with a +1 whip of freezing.
Pikel freezes you.
Pikel hits you with a +1 whip of freezing.
Pikel freezes you.
You barely miss the lemure. The adder bites you but does no damage.
Pikel zaps a wand.
Your will is overpowered!
You are more confused.
The lemure hits you! x2
You closely miss the lemure. Your headbutt misses the lemure.
The adder barely misses you. The lemure hits you but does no damage.
Pikel closely misses you. The lemure hits you. The lemure closely misses you.
The adder barely misses you. The lemure hits you but does no damage.
The lemure hits you. Pikel hits you but does no damage. The lemure hits you!
* * * LOW HITPOINT WARNING * * *
You hit the lemure but do no damage. The adder barely misses you.
The lemure hits you.
* * * LOW HITPOINT WARNING * * *
Pikel barely misses you. The lemure hits you.
* * * LOW HITPOINT WARNING * * *
The lemure hits you but does no damage. The adder bites you but does no damage.
The lemure attacks as it pursues you! The lemure closely misses you.
Pikel attacks as he pursues you!
Pikel hits you with a +1 whip of freezing!
* * * LOW HITPOINT WARNING * * *
Pikel freezes you.
* * * LOW HITPOINT WARNING * * *
The lemure attacks as it pursues you! The lemure misses you.
The adder bites you but does no damage. The lemure attacks as it pursues you!
The lemure closely misses you. The lemure barely misses you.
The adder bites you.
* * * LOW HITPOINT WARNING * * *
You puncture the adder!
You kill the adder!
The lemure hits you but does no damage. The lemure hits you.
You die...

.....# #....## .
###..... #### # .
......# ..... ..#.
.....##.....
#...####........>.
.........5........
#.##...55@.##....
#.......†....#...
.#.....:K........
#..............#
#............#.#
#...<........# #
#..###......##
..... #.......#
##... #.......#


You could see Pikel and 3 lemures.

Vanquished Creatures
  A lemure (D:5)
  2 scorpions (D:4)
  2 hounds (D:4)
  A bombardier beetle (D:4)
  An iguana (D:4)
  7 adders
  2 ufetubi (D:3)
  3 dart slugs
  A ribbon worm (D:3)
  3 orcs
  7 ball pythons
  8 endoplasms
  6 giant cockroaches
  6 goblins
  4 hobgoblins
  2 jackals (D:4)
  3 bats
  7 frilled lizards
  11 kobolds
  10 rats
87 creatures vanquished.

Notes
Turn   | Place    | Note
-------+----------+-------------------------------------------
     0 | D:1      | Fodor the Minotaur Fighter began the quest for the Orb.
     0 | D:1      | Reached XP level 1. HP: 19/19 MP: 0/0
   234 | D:1      | Reached XP level 2. HP: 27/27 MP: 1/1
   998 | D:2      | Reached XP level 3. HP: 33/33 MP: 2/2
  1077 | D:2      | Found Emynauhey's Armour Shoppe.
  1090 | D:2      | Reached skill level 4 in Fighting
  1090 | D:2      | Reached skill level 1 in Ranged Weapons
  1690 | D:3      | Reached XP level 4. HP: 40/40 MP: 3/3
  2330 | D:4      | Found a hide-covered altar of Uskayaw.
  2352 | D:4      | Noticed a scorpion
  2360 | D:4      | Killed a scorpion
  2361 | D:4      | Reached XP level 5. HP: 36/47 MP: 4/4
  2754 | D:4      | Reached skill level 1 in Maces & Flails
  2754 | D:4      | Reached skill level 1 in Dodging
  2772 | D:4      | Reached XP level 6. HP: 55/55 MP: 5/5
  2829 | D:4      | Reached skill level 5 in Fighting
  2936 | D:4      | Found a radiant altar of Vehumet.
  2938 | D:4      | Found an ornate altar of the Wu Jian Council.
  3250 | D:5      | Entered Level 5 of the Dungeon
  3258 | D:5      | Noticed Pikel
  3275 | D:5      | Slain by a lemure

Illustrated notes

Levels and vault maps discovered:
D:1:      enne_arrival_octagon_isle, layout_basic, minmay_pentomino_z2
D:2:      layout_loops_cross, serial_shops, nicolae_shop_crystal,
          minmay_quadrilaterals
D:3:      layout_rooms, chequers_big_river
D:4:      layout_loops_ring, nicolae_uskayaw_dance_hall, minitemple,
          due_unseen_surprise
D:5:      layout_rooms, gammafunk_temple_overflow_wave,
          mainiacjoe_overflow_chevrons, minmay_temple_entry_slanted, uniq_ijyb,
          uniq_pikel

Skill      XL: |  1  2  3  4  5  6 |
---------------+-------------------+-----
Armour         | 4 |  4.7
Axes           | 3 4 |  4.1
Fighting       | 4 5 |  5.0
Ranged Weapons | 1 3 |  3.6
Shields        | 4 |  4.1
Maces & Flails | 1 |  1.7
Dodging        | 1 |  1.3
Stealth        | |  0.2

Action                     |  1- 3 |  4- 6 || total
---------------------------+-------+-------++-------
  Melee: War axe           |    67 |    38 ||   105
         Headbutt          |    11 |    10 ||    21
         Morningstar       |       |    50 ||    50
   Fire: Sling             |    45 |    61 ||   106
 Armour: Scale mail        |    72 |   106 ||   178
  Dodge: Dodged            |    43 |    45 ||    88
  Block: Buckler           |    14 |    29 ||    43

Table legend: (Time is in decaauts)
 A = Elapsed time spent in this place.
 B = Non-inter-level travel time spent in this place.
 C = Inter-level travel time spent in this place.
 D = Time resting spent in this place.
 E = Time spent auto-exploring this place.
 F = Levels seen in this place.
 G = Mean time per level.
                   A        B        C        D        E       F      G
               +--------+--------+--------+--------+--------+-----+--------+
         Total |   3361 |   3268 |     93 |      0 |   2375 |   5 |  672.2 |
       Dungeon |   3361 |   3268 |     93 |      0 |   2375 |   5 |  672.2 |
               +--------+--------+--------+--------+--------+-----+--------+

Top non-repeatable levels by time:
     D:4: 988 daAuts
     D:1: 831 daAuts
     D:2: 809 daAuts
     D:3: 704 daAuts
     D:5: 27 daAuts
